 Dungeon Crawl Stone Soup version 0.30-a0-613-gdd512c7efb (webtiles) character file.

Game seed: 4862201493423305180

23125 OTABOTABOTAB the Devastator (level 13, -1/69 HPs)
             Began as a Gargoyle Earth Elementalist on Jan 9, 2023.
             Was a Follower of Ashenzari.
             Slain by a two-headed ogre
             ... wielding a +0 giant spiked club
              (13 damage)
             ... on level 2 of the Orcish Mines.
             The game lasted 00:42:04 (17221 turns).

OTABOTABOTAB the Devastator (GrEE)                 Turns: 17221, Time: 00:42:05

Health: -1/69      AC: 23    Str: 12    XL:     13   Next: 4%
Magic:  20/27      EV: 12    Int: 25    God:    Ashenzari [*.....]
Gold:   920        SH:  0    Dex: 10    Spells: 17/32 levels left

rFire   . . .      SeeInvis .    m - staff of death {rN+}
rCold   + . .      Faith    .    (no shield)
rNeg    + + .      Spirit   .    z - +0 steam dragon scales
rPois   ∞          Reflect  .    k - +0 helmet
rElec   +          Harm     .    j - +0 cloak
rCorr   .          Rampage  .    i - +1 pair of gloves
Will    .....                    f - +0 pair of boots of the Fated Negligence {Comp, Elem} (curse)
Stlth   ++                       A - amulet of regeneration
HPRegen 1.11/turn                C - ring of protection from cold {rC+, !d}
MPRegen 0.20/turn                l - ring of Panopticon {AC+4 Int+4, Elem, Evo} (curse)

@: no status effects
A: sickness immunity, AC +9, negative energy resistance 1, electricity
resistance, torment resistance 1, petrification resistance
a: Renounce Religion, Curse Item, Shatter the Chains


You were on level 2 of the Orcish Mines.
You worshipped Ashenzari.
Ashenzari was aware of your devotion.
You visited 3 branches of the dungeon, and saw 15 of its levels.
You visited the Abyss 1 time.

You collected 920 gold pieces.

Inventory:

Missiles
 g - 24 poisoned darts
 s - 108 stones
 t - 6 javelins
Armour
 f - the cursed +0 pair of boots of the Fated Negligence (worn) {Comp, Elem}
   (You found it on level 1 of the Dungeon)

   It has a curse which improves the following skills: Companions: Summonings
   and Necromancy.
   Elements:  Fire Magic, Ice Magic, Air Magic and Earth Magic.
 i - a +1 pair of gloves (worn)
   (You found it on level 1 of the Dungeon)
 j - a +0 cloak (worn)
   (You found it on level 4 of the Dungeon)
 k - a +0 helmet (worn)
   (You found it on level 3 of the Dungeon)
 z - +0 steam dragon scales (worn)
   (You found it on level 8 of the Dungeon)
Magical Staves
 m - a staff of death (weapon) {rN+}
   (You found it on level 6 of the Dungeon)
Jewellery
 a - the amulet of the Wary Seers {Spirit rPois rF++ MP-9}
   (You found it on level 8 of the Dungeon)

   [amulet of guardian spirit]

   It causes incoming damage to be divided between your reserves of health and
   magic.
   rF:        It greatly protects you from fire.
   rPois:     It protects you from poison.
   MP:        It affects your magic capacity (-9).
 b - a ring of flight {+Fly, !d}
   (You took it off a kobold on level 2 of the Dungeon)
 l - the cursed ring of Panopticon (right hand) {AC+4 Int+4, Elem, Evo}
   (You found it on level 3 of the Dungeon)

   [ring of protection]

   AC:        It affects your AC (+4).
   Int:       It affects your intelligence (+4).
   It has a curse which improves the following skills: Elements: Fire Magic, Ice
   Magic, Air Magic and Earth Magic.
   Evocations: Evocations.
 r - a ring of positive energy {rN+}
   (You found it on level 9 of the Dungeon)
 u - an amulet of guardian spirit
   (You found it on level 12 of the Dungeon)
 A - an amulet of regeneration (around neck)
   (You found it on level 8 of the Dungeon)
 C - a ring of protection from cold (left hand) {rC+, !d}
   (You found it on level 1 of the Dungeon)
 X - a ring of resist corrosion
   (You took it off a gnoll on level 4 of the Dungeon)
Wands
 d - a wand of roots (7)
   (You found it on level 12 of the Dungeon)
 p - a wand of paralysis (24)
   (You found it on level 3 of the Dungeon)
 q - a wand of flame (30)
   (You took it off Maurice on level 8 of the Dungeon)
 y - a wand of mindburst (37)
   (You found it on level 6 of the Dungeon)
Scrolls
 n - a scroll of poison
 o - 3 scrolls of enchant armour
 w - 2 scrolls of enchant weapon
Potions
 c - 2 potions of might
 e - 2 potions of degeneration {!q}
 B - a potion of brilliance
 H - a potion of haste
 I - a potion of invisibility
 J - 4 potions of curing {@q1}
 L - 5 potions of flight
 P - 6 potions of lignification {!q}
 R - 2 potions of resistance
 T - a potion of berserk rage {!q}
 U - 2 potions of mutation {!q}
Miscellaneous
 h - a piece from Xom's chessboard (15/15)
   (You found it on level 12 of the Dungeon)


   Skills:
 + Level 3.5 Fighting
 + Level 3.2 Dodging
 - Level 2.1 Stealth
 - Level 10.0 Spellcasting
 + Level 15.4 Conjurations
 - Level 0.7 Transmutations
 + Level 13.8(15.0) Earth Magic


You had 17 spell levels left.
You knew the following spells:

 Your Spells              Type           Power      Damage    Failure   Level
a - Sandblast             Erth           100%       2d20      0%          1
c - Petrify               Tmut/Erth      51%        N/A       1%          4
w - Passwall              Tmut/Erth      42%        N/A       1%          2
x - Stone Arrow           Conj/Erth      100%       3d13      1%          3
z - Lee's Rapid Deconstr  Erth           36%        3d18*     1%          5

Your spell library contained the following spells:

 Spells                   Type           Power      Damage    Failure   Level
 Hailstorm                Conj/Ice       51%        3d11      1%          3
 Leda's Liquefaction      Hex/Erth       25%        N/A       2%          4
 Freeze                   Ice            52%        1d6       4%          1
 Summon Small Mammal      Summ           48%        N/A       4%          1
 Lightning Bolt           Conj/Air       25%        1d41      5%          5
 Orb of Destruction       Conj           37%        9d11      8%          7
 Call Canine Familiar     Summ           12%        N/A       14%         3
 Frozen Ramparts          Ice            26%        1d4       14%         3
 Summon Guardian Golem    Hex/Summ       12%        N/A       14%         3
 Airstrike                Air            6%         2d(1-17)  43%         4
 Summon Lightning Spire   Summ/Air       13%        N/A       43%         4
 Spellforged Servitor     Conj/Summ      25%        N/A       86%         7
 Statue Form              Tmut/Erth      Unusable   N/A       N/A         6

Dungeon Overview and Level Annotations

Branches:
Dungeon (12/15)            Temple (1/1) D:7            Lair (0/5) D:9
    Orc (2/2) D:12            Elf (0/3) Orc:2

Altars:
Ashenzari
Cheibriados
Dithmenos
Elyvilon
Fedhas
Gozag
Hepliaklqana
Kikubaaqudgha
Makhleb
Nemelex Xobeh
Okawaru
Qazlal
Ru
Sif Muna
Trog
Uskayaw
Vehumet
Wu Jian
Xom
Yredelemnul
Zin
The Shining One

Shops:
D:1 [   D:2 (   D:3 *   D:12 *

Portals:
Trove: D:12 (give +5 demon trident)


Innate Abilities, Weirdness & Mutations

You are immune to sickness and miasma.
Your stone body is resilient. (AC +9)
You are immune to poison.
You resist negative energy. (rN+)
You are resistant to electric shocks. (rElec)
You are resistant to unholy torment.
You are immune to petrification.


Message History

Aim: an orc priest, wielding a +0 dagger (78% to hit)
The stone arrow hits the orc priest!
You kill the orc priest!
You now have 2/26 mp.
There is a stone staircase leading up here.
You climb upwards.
Reactivating autopickup.
There is a stone staircase leading down here.
Health restored: 64 You start resting.
MP restored: 26 You climb downwards.
The two-headed ogre closely misses you.
The two-headed ogre hits you but does no damage.
There is a stone staircase leading up here.
Unknown command.
Fragment what (e.g. wall or brittle monster)?: a two-headed ogre, wielding a +0 giant spiked club and a +0 dire flail You cannot affect that.
Okay, then.
Aim: a two-headed ogre, wielding two +0 giant spiked clubs (89% to hit)
The stone arrow hits the two-headed ogre!!
You hear two shouts!
The two-headed ogre hits you with a +0 giant spiked club.
The two-headed ogre barely misses you.
The two-headed ogre hits you with a +0 giant spiked club!
The two-headed ogre closely misses you.
You hear a shout! x2
You take 18 damage, and have 46/64 hp.
MASSIVE DAMAGE!!
You now have 23/26 mp.
Aim: a two-headed ogre, wielding two +0 giant spiked clubs (heavily wounded, 89% to hit)
The stone arrow hits the two-headed ogre!
The two-headed ogre hits you with a +0 giant spiked club!
The two-headed ogre hits you with a +0 dire flail!
You take 17 damage, and have 29/64 hp.
MASSIVE DAMAGE!!
You now have 20/26 mp.
Aim: a two-headed ogre, wielding two +0 giant spiked clubs (severely wounded, 89% to hit)
The stone arrow hits the two-headed ogre!
You kill the two-headed ogre!
Your Dodging skill increases to level 3!
You have reached level 13!
You regained 3 hp, and now have 32/68 hp.
You now have 17/27 mp.
The two-headed ogre hits you with a +0 giant spiked club!!
* * * LOW HITPOINT WARNING * * *
The two-headed ogre hits you but does no damage.
You climb upwards.
There is a stone staircase leading down here.
You take 22 damage, and have 10/68 hp.
MASSIVE DAMAGE!!
You feel better.
The two-headed ogre hits you with a +0 giant spiked club!
* * * LOW HITPOINT WARNING * * *
The two-headed ogre hits you but does no damage.
You take 8 damage, and have 2/68 hp.
You feel better.
You regained 8 hp, and now have 10/68 hp.
Okay, then.
As you read the scroll of summoning, it crumbles to dust.
Wisps of shadow whirl around you...
The two-headed ogre closely misses you. x2
What are your orders? t - Shout!
Orders for allies: a - Attack new target. r - Retreat! s - Stop attacking. g - Guard the area. f - Follow me.
Anything else - Cancel.
Gang up on whom?
Aim: a two-headed ogre, wielding a +0 giant spiked club and a +0 dire flail (ally target) Attack!
The two-headed ogre hits you with a +0 giant spiked club.
* * * LOW HITPOINT WARNING * * *
The two-headed ogre hits you but does no damage.
Your orc knight hits the two-headed ogre with a +0 great mace!
Your orc wizard barely misses the two-headed ogre.
Your orc hits the two-headed ogre but does no damage.
Your orc knight hits the two-headed ogre with a +0 great mace!
Your orc wizard casts a spell at the two-headed ogre.
The two-headed ogre appears confused.
You regained 2 hp, and now have 13/68 hp.
The two-headed ogre hits your orc with a +0 giant spiked club!!
Your orc is killed!
Your orc's corpse dissolves into shadows!
Your ogre hits the two-headed ogre with a +0 giant club!!
Your orc wizard hits the two-headed ogre with a +0 dagger. x2
Your orc warrior barely misses the two-headed ogre.
Your orc knight hits the two-headed ogre with a +0 great mace!
The two-headed ogre dies!
You swap places.
You swap places.
There is a stone staircase leading down here.
You climb downwards.
Your summoned allies are left behind.
The two-headed ogre hits you with a +0 giant spiked club!
* * * LOW HITPOINT WARNING * * *
The two-headed ogre barely misses you.
There is a stone staircase leading up here.
You take 13 damage, and have 5/69 hp.
Unknown command.
You feel better.
The two-headed ogre hits you with a +0 giant spiked club!
You die...

#.##....####.### #..Oo.
..........#.O..# ##oOO.
...#........$...#...Oo$
#.......)............
#.........##.....oo##
##.#....#.#.#o.....#.
#...o.....).o##...)).
##...)##o......##.o..$
#...O@#...oO))..o ..$.
....#...##..........
....
........#...........
..#.
.........#..........
....
......#.###.........
.... ....#.###
##....o..# ##.. ......
...#...### ## ....##
.#.###. .... ....#..


You could see a two-headed ogre, an ogre mage and an orc.

Vanquished Creatures
  A storm dragon (D:12)
  Erolcha (Orc:1)
  A boulder beetle (D:12)
  A centaur warrior (D:12)
  6 two-headed ogres
  A deep troll earth mage (D:12)
  2 phantasmal warriors (D:12)
  4 cyclopes
  An orc sorcerer (Orc:1)
  Maurice (D:8)
  Joseph (D:8)
  A gargoyle (D:10)
  2 kobold demonologists
  An unseen horror (D:10)
  2 yaktaurs (D:12)
  7 trolls
  3 shadows
  5 wraiths
  4 wyverns
  Grum (D:8)
  15 yaks
  A basilisk (D:12)
  2 vampire mosquitoes (D:12)
  2 steam dragons
  2 acid dragons
  2 ice beasts (D:6)
  10 orc warriors
  A black bear (D:9)
  5 ogres
  A sky beast (D:8)
  2 wolves (D:8)
  2 kobold brigands (D:9)
  7 bullfrogs
  2 necrophages
  A gnoll sergeant (D:10)
  2 scorpions
  5 killer bees (D:9)
  3 howler monkeys
  2 lava snakes (D:11)
  8 orc priests
  3 hounds
  2 jellies
  A gnoll bouda (D:10)
  An iguana (D:4)
  12 orc wizards
  8 ogre zombies (D:12)
  11 gnolls
  7 adders
  3 white imps
  A shadow imp (D:6)
  5 worms
  6 dart slugs
  33 orcs
  3 ball pythons
  11 endoplasms
  A giant cockroach (D:3)
  4 goblins
  16 hobgoblins
  6 jackals (D:1)
  6 quokkas
  A bat (D:3)
  3 frilled lizards
  2 goblin skeletons (D:12)
  3 goblin zombies (D:12)
  A hobgoblin zombie (D:12)
  12 kobolds
  3 orc skeletons (D:12)
  15 orc zombies (D:12)
  6 rats
  A fire vortex (D:11)
308 creatures vanquished.

Vanquished Creatures (collateral kills)
  A two-headed ogre (Orc:1)
1 creature vanquished.

Vanquished Creatures (others)
  15 fungi (D:9)
  11 plants (D:9)
26 creatures vanquished.

Grand Total: 335 creatures vanquished

Notes
Turn   | Place    | Note
-------+----------+-------------------------------------------
     0 | D:1      | OTABOTABOTAB the Gargoyle Earth Elementalist began the
                  | quest for the Orb.
     0 | D:1      | Reached XP level 1. HP: 10/10 MP: 3/3
     0 | D:1      | Trevise: Garg EE
    82 | D:1      | Reached XP level 2. HP: 15/15 MP: 0/5
   134 | D:1      | Reached skill level 4 in Earth Magic
   326 | D:1      | Found Neeray's Armour Boutique.
   356 | D:1      | Trevise: According to this dude who has had the longest win
                  | streak ever (66) at the time of this reddit post
   393 | D:1      | Trevise: Hey says ashenzari is best mage god
   415 | D:1      | OTABOTABOTAB: really lol
   415 | D:1      | Trevise: Yes
   415 | D:1      | OTABOTABOTAB: what do they even do
   415 | D:1      | OTABOTABOTAB: never picked them
   415 | D:1      | Trevise:
                  | https://www.reddit.com/r/dcss/comments/uyuct3/acrobats_god_
                  | tier_list_for_streak/
   415 | D:1      | OTABOTABOTAB: especially after the changes to cursed items
   459 | D:1      | Trevise: Immune to explore traps, identify all consumables
   473 | D:1      | Trevise: Train all skills
   473 | D:1      | Reached XP level 3. HP: 10/19 MP: 0/6
   529 | D:1      | OTABOTABOTAB: oh dang
   654 | D:1      | Learned a level 3 spell: Stone Arrow
   654 | D:1      | Trevise: See invis
   654 | D:1      | Trevise: Clarity: Protects you from confusion,
                  | mesmerisation, fear, sleep, and unintentionally going
                  | berserk (you may still willingly go berserk by using the
                  | potion).
   765 | D:1      | OTABOTABOTAB: should i mem passwall and petrify?
   765 | D:1      | Trevise: So you curse an item
   814 | D:1      | Trevise: Maybe
   899 | D:1      | Trevise: You can't uncurse it, you can only destroy it
   899 | D:1      | OTABOTABOTAB: oh dang
   899 | D:1      | Trevise: More cursed items = more piety
  1047 | D:1      | Trevise: You also get offered curses
  1048 | D:1      | Reached skill level 1 in Conjurations
  1053 | D:1      | Learned a level 2 spell: Passwall
  1224 | D:2      | Found Muraria's Weapon Shoppe.
  1230 | D:2      | Trevise: Each curse = skill bost
  1477 | D:2      | Reached XP level 4. HP: 24/24 MP: 5/8
  1622 | D:2      | Reached skill level 3 in Spellcasting
  1896 | D:3      | Reached skill level 2 in Conjurations
  2305 | D:3      | Reached XP level 5. HP: 28/28 MP: 7/9
  2310 | D:3      | Learned a level 4 spell: Petrify
  2585 | D:3      | Found a hide-covered altar of Uskayaw.
  2624 | D:3      | Reached skill level 5 in Earth Magic
  2638 | D:3      | Identified the ring "Qiumadd" {AC+4 Int+4}
  2730 | D:3      | Found Ogatwy's General Store.
  2967 | D:4      | Reached skill level 3 in Conjurations
  3401 | D:4      | Reached XP level 6. HP: 32/32 MP: 9/11
  3965 | D:5      | Entered Level 5 of the Dungeon
  4021 | D:5      | Reached skill level 4 in Conjurations
  4282 | D:5      | Reached XP level 7. HP: 36/36 MP: 8/12
  4374 | D:5      | Reached skill level 4 in Spellcasting
  4374 | D:5      | Reached skill level 5 in Conjurations
  4374 | D:5      | Reached skill level 6 in Earth Magic
  4666 | D:5      | Found a shimmering blue altar of Sif Muna.
  4678 | D:5      | Found an ancient bone altar of Kikubaaqudgha.
  4691 | D:5      | Found a radiant altar of Vehumet.
  5010 | D:6      | Reached skill level 6 in Conjurations
  5010 | D:6      | Reached XP level 8. HP: 41/41 MP: 8/14
  5402 | D:6      | Noticed a wyvern
  5407 | D:6      | Killed a wyvern
  5408 | D:6      | Reached skill level 7 in Earth Magic
  5719 | D:7      | Reached skill level 5 in Spellcasting
  5719 | D:7      | Reached skill level 7 in Conjurations
  5829 | D:7      | Found a staircase to the Ecumenical Temple.
  5875 | Temple   | Entered the Ecumenical Temple
  5926 | D:7      | Found a blossoming altar of Fedhas.
  5947 | D:7      | Noticed a wyvern
  5949 | D:7      | Trevise: Okay have to go to bed
  5950 | D:7      | Killed a wyvern
  5951 | D:7      | Trevise: Good luck!!
  5951 | D:7      | OTABOTABOTAB: ok good night thnx
  6080 | D:7      | Trevise: nn
  6222 | D:7      | Found a broken altar of Ashenzari.
  6270 | D:7      | Became a worshipper of Ashenzari the Shackled
  6349 | D:7      | Noticed a wyvern
  6354 | D:7      | Killed a wyvern
  6355 | D:7      | Reached skill level 8 in Conjurations
  6355 | D:7      | Reached XP level 9. HP: 29/45 MP: 4/17
  6520 | D:7      | Reached skill level 8 in Earth Magic
  6724 | D:7      | Found an opulent altar of Gozag.
  6724 | D:7      | Found a sparkling altar of Nemelex Xobeh.
  6963 | D:8      | Noticed Maurice
  6968 | D:8      | Killed Maurice
  6969 | D:8      | Reached skill level 6 in Spellcasting
  6969 | D:8      | Reached skill level 9 in Conjurations
  7310 | D:8      | Noticed Joseph
  7315 | D:8      | Killed Joseph
  7316 | D:8      | Reached skill level 10 in Conjurations
  7316 | D:8      | Reached skill level 9 in Earth Magic
  7334 | D:8      | HP: 11/45 [wolf[Grum] (1)]
  7338 | D:8      | Reached XP level 10. HP: 40/50 MP: 13/20
  7417 | D:8      | Noticed Grum
  7422 | D:8      | Killed Grum
  7553 | D:8      | Identified the amulet of the Wary Seers {Spirit rPois rF++
                  | MP-9}
  7800 | D:8      | Found a sacrificial altar of Ru.
  7974 | D:8      | Reached skill level 7 in Spellcasting
  8089 | D:8      | Found a glowing golden altar of the Shining One.
  8293 | D:9      | Noticed a kobold demonologist
  8298 | D:9      | Noticed a smoke demon
  8301 | D:9      | Killed a kobold demonologist
  8302 | D:9      | Reached skill level 11 in Conjurations
  8649 | D:9      | Noticed a two-headed ogre
  8899 | D:9      | Found a staircase to the Lair.
  8968 | D:9      | Found a basalt altar of Yredelemnul.
  8971 | D:9      | Noticed a two-headed ogre
  8976 | D:9      | Killed a two-headed ogre
  9043 | D:9      | Reached skill level 12 in Conjurations
  9326 | D:9      | HP: 12/50 [orc warrior/+0 halberd (12)]
  9327 | D:9      | HP: 4/50 [orc warrior/+0 halberd (9)]
  9336 | D:9      | Reached skill level 8 in Spellcasting
  9579 | D:10     | Entered Level 10 of the Dungeon
  9611 | D:10     | Noticed a gargoyle
  9616 | D:10     | Killed a gargoyle
  9896 | D:10     | Reached XP level 11. HP: 48/54 MP: 17/23
 10261 | D:10     | Reached skill level 13 in Conjurations
 10911 | D:10     | Found a glowing silver altar of Zin.
 10918 | D:10     | Learned a level 5 spell: Lee's Rapid Deconstruction
 11247 | D:11     | Noticed a cyclops
 11251 | D:11     | Killed a cyclops
 11252 | D:11     | Reached skill level 9 in Spellcasting
 11252 | D:11     | Reached skill level 10 in Earth Magic
 11256 | D:11     | Noticed a cyclops
 11375 | D:11     | Killed a cyclops
 11481 | D:11     | Noticed a two-headed ogre
 11486 | D:11     | Killed a two-headed ogre
 11487 | D:11     | Reached skill level 14 in Conjurations
 12383 | D:12     | Noticed a two-headed ogre
 12386 | D:12     | Killed a two-headed ogre
 12405 | D:12     | Noticed a two-headed ogre
 12546 | D:12     | Noticed a phantasmal warrior
 12562 | D:12     | Killed a phantasmal warrior
 12637 | D:12     | Noticed a phantasmal warrior
 12756 | D:12     | Killed a phantasmal warrior
 12757 | D:12     | Reached skill level 11 in Earth Magic
 12757 | D:12     | Reached XP level 12. HP: 59/59 MP: 10/25
 12762 | D:12     | Noticed a centaur warrior
 12924 | D:12     | Killed a two-headed ogre
 13239 | D:12     | Killed a centaur warrior
 13240 | D:12     | Reached skill level 10 in Spellcasting
 13617 | D:12     | Reached * piety under Ashenzari
 14043 | D:12     | Noticed a deep troll earth mage
 14090 | D:12     | Killed a deep troll earth mage
 14091 | D:12     | Reached skill level 15 in Conjurations
 14091 | D:12     | Reached skill level 12 in Earth Magic
 14289 | D:12     | Noticed a storm dragon
 14304 | D:12     | HP: 12/59 [storm dragon (5)]
 14309 | D:12     | Killed a storm dragon
 14585 | D:12     | Found a portal to a secret trove of treasure.
 14636 | D:12     | Found Caipuhom's CLEARANCE SALE!.
 14738 | D:12     | Found a staircase to the Orcish Mines.
 14851 | D:12     | Noticed a boulder beetle
 14966 | D:12     | Noticed a two-headed ogre
 14969 | D:12     | Killed a two-headed ogre
 14970 | D:12     | Reached skill level 13 in Earth Magic
 15477 | D:12     | Killed a boulder beetle
 15478 | D:12     | Reached skill level 1 in Fighting
 15478 | D:12     | Reached skill level 2 in Dodging
 16441 | Orc:1    | Entered Level 1 of the Orcish Mines
 16449 | Orc:1    | Reached skill level 2 in Fighting
 16742 | Orc:2    | Entered Level 2 of the Orcish Mines
 16744 | Orc:2    | Noticed a two-headed ogre
 16748 | Orc:2    | Noticed an ogre mage
 16754 | Orc:2    | Noticed a two-headed ogre
 16755 | Orc:2    | Noticed a two-headed ogre
 16757 | Orc:2    | HP: 15/62 [two-headed ogre/+0 giant spiked club (9)]
 16775 | Orc:2    | Found a staircase to the Elven Halls.
 16777 | Orc:2    | HP: 9/63 [orc warrior/+0 scimitar[an orc knight] (22)]
 16778 | Orc:1    | Noticed Erolcha
 16792 | Orc:1    | HP: 11/63 [Erolcha/+0 giant club (38)]
 16796 | Abyss:1  | Cast into level 1 of the Abyss (Erolcha)
 16809 | Orc:1    | Escaped the Abyss
 16842 | Orc:1    | Killed Erolcha
 17075 | Orc:2    | Reached skill level 3 in Fighting
 17206 | Orc:2    | Killed a two-headed ogre
 17207 | Orc:2    | Reached skill level 3 in Dodging
 17207 | Orc:2    | Reached XP level 13. HP: 32/68 MP: 17/27
 17207 | Orc:2    | HP: 8/68 [two-headed ogre/+0 giant spiked club (25)]
 17209 | Orc:1    | HP: 2/68 [two-headed ogre/+0 giant spiked club (17)]
 17220 | Orc:2    | HP: 5/69 [two-headed ogre/+0 giant spiked club (16)]
 17221 | Orc:2    | Slain by a two-headed ogre

Illustrated notes

Levels and vault maps discovered:
D:1:      scummos_arrival_simple_fountains, layout_loops_ring, serial_shops,
          nicolae_shop_waterfront
D:2:      layout_rooms, serial_shops, nicolae_shop_bloodbath_and_beyond,
          minmay_misc_feat_ornament
D:3:      wander_river, layout_basic, amcnicky_altar_gilded, serial_shops,
          nicolae_shop_advertising_works [nicolae_subvault_shop_adworks]
D:4:      layout_layer_cave
D:5:      layout_basic, palyth_temple_overflow_mages
D:6:      layout_basic
D:7:      layout_gridville, grunt_temple_overflow_opulence, ashenzari_altar_1,
          lemuel_doored_altar, minmay_temple_entry_proselytizer,
          minmay_curled_crystal, minmay_increasing_density
D:8:      layout_loops_ring, mainiacjoe_overflow_24_doors,
          mainiacjoe_overflow_alcove_2, uniq_grum, uniq_joseph, uniq_maurice
D:9:      layout_basic, mainiacjoe_overflow_concentric_impassable,
          grunt_lair_entry_orc_guard_hut
D:10:     kennysheep_blocky_hall, layout_loops_cross, zin_treasury
D:11:     layout_rooms, grunt_decor_junction
D:12:     minmay_chopped_fan, layout_layer_cave, zombieorc2_lemuel,
          nicolae_trove_entry_diagonal, dk_noncrumbling_2,
          nicolae_shop_clearance
Temple:   hellmonk_temple_micro_hex
Orc:1:    layout_caves, serial_shops, nicolae_shop_behind_doors, uniq_erolcha
Orc:2:    st_orc_open, layout_caves, basic_altar, serial_shops, shop,
          ebering_ghost_reflecting_pool

Skill      XL: |  1  2  3  4  5  6  7  8  9 10 11 12 |
---------------+-------------------------------------+-----
Earth Magic    | 4 5 6 7 9 11 13 | 13.8
Conjurations   | 1 2 3 4 6 8 10 12 14 15 | 15.4
Spellcasting   | 3 4 5 6 8 9 10 | 10.0
Fighting       | 3 |  3.5
Dodging        | 3 |  3.2
Stealth        | |  2.1
Transmutations | |  0.7

Action                   |  1- 3 |  4- 6 |  7- 9 | 10-12 | 13-15 || total
-------------------------+-------+-------+-------+-------+-------++-------
Melee: Unarmed           |     3 |       |       |       |       ||     3
       Dagger            |    14 |     7 |     2 |       |       ||    23
       Staff             |       |       |     9 |    23 |       ||    32
 Cast: Sandblast         |    60 |    87 |    52 |   165 |       ||   364
       Stone Arrow       |       |    11 |    38 |   111 |       ||   160
       Lee's Rapid Decon |       |       |       |   116 |       ||   116
       Petrify           |       |       |       |     3 |       ||     3
Invok: Curse Item        |       |       |       |     2 |       ||     2
Evoke: Wand              |       |       |       |    11 |       ||    11
  Use: Scroll            |       |     8 |     1 |    14 |     1 ||    24
       Potion            |       |       |     2 |     9 |     3 ||    14
Armor: Robe              |     7 |     9 |    16 |       |       ||    32
       Steam dragon scal |       |       |    12 |   173 |     3 ||   188
Dodge: Dodged            |    25 |    14 |    44 |   151 |     3 ||   237

Table legend: (Time is in decaauts)
 A = Elapsed time spent in this place.
 B = Non-inter-level travel time spent in this place.
 C = Inter-level travel time spent in this place.
 D = Time resting spent in this place.
 E = Time spent auto-exploring this place.
 F = Levels seen in this place.
 G = Mean time per level.
                   A        B        C        D        E       F      G
               +--------+--------+--------+--------+--------+-----+--------+
         Total |  17429 |  16886 |    543 |   3875 |  10864 |  16 | 1089.3 |
       Dungeon |  16727 |  16214 |    513 |   3625 |  10623 |  12 | 1393.9 |
        Temple |     25 |     25 |      0 |      0 |     12 |   1 |   25.0 |
  Orcish Mines |    663 |    633 |     30 |    250 |    229 |   2 |  331.5 |
         Abyss |     12 |     12 |      0 |      0 |      0 |   1 |   12.0 |
               +--------+--------+--------+--------+--------+-----+--------+

Top non-repeatable levels by time:
    D:12: 3599 daAuts
    D:11: 1800 daAuts
    D:10: 1641 daAuts
     D:8: 1369 daAuts
     D:9: 1338 daAuts
     D:1: 1338 daAuts
     D:7: 1263 daAuts
     D:4: 1217 daAuts
     D:3: 938 daAuts
     D:5: 912 daAuts
     D:6: 773 daAuts
   Orc:1: 585 daAuts
     D:2: 534 daAuts
   Orc:2: 78 daAuts
  Temple: 25 daAuts

Table legend:
 A = Kills in this place as a percentage of kills in entire the game.
 B = Kills by you in this place as a percentage of kills by you in the entire game.
 C = Kills by friends in this place as a percentage of kills by friends in the entire game.
 D = Other kills in this place as a percentage of other kills in the entire game.
 E = Experience gained in this place as a percentage of experience gained in the entire game.
 F = Experience gained in this place divided by the number of levels of this place that you have seen.
                   A       B       C       D       E      F
               +-------+-------+-------+-------+-------+----------------------
         Total | 100.0 | 100.0 | 100.0 |   N/A | 100.0 | 2064.8
       Dungeon |  92.5 |  92.8 |   0.0 |   N/A |  86.3 | 2374.8
  Orcish Mines |   7.5 |   7.2 | 100.0 |   N/A |  13.7 | 2269.5
               +-------+-------+-------+-------+-------+----------------------
